[Event "Rapid della Domenica"]
[Site "Chess.com"]
[Date "2020.05.03"]
[Round "4"]
[White "MarcoCiva"]
[Black "toninoiuorio"]
[Result "1-0"]
[WhiteElo "1430"]
[BlackElo "1430"]
[TimeControl "720+3"]
[EndTime "7:17:14 PDT"]
[Termination "MarcoCiva ha vinto per abbandono"]

1. d4 d5 2. c4 e6 3. Nc3 Nf6 4. Nf3 Be7 5. e3 O-O 6. a3 b6 7. cxd5 exd5 8. Bd3 Ba6 9. O-O Bxd3 10.
Qxd3 Nbd7 11. Re1 Rc8 12. e4 dxe4 13. Nxe4 Nxe4 14. Qxe4 Nf6 15. Qxe7 Qxe7 16. Rxe7 1-0

[Event "Rapid della Domenica"]
[Site "Chess.com"]
[Date "2020.05.03"]
[Round "4"]
[White "sergiodone"]
[Black "FrancescoZasa"]
[Result "1-0"]
[WhiteElo "1490"]
[BlackElo "584"]
[TimeControl "720+3"]
[EndTime "7:20:14 PDT"]
[Termination "sergiodone ha vinto per scaccomatto"]

1. e4 d5 2. exd5 Qxd5 3. c4 Qd4 4. Be2 c5 5. Nc3 b6 6. Nf3 Qd8 7. O-O Nc6 8. Nd5 Nb8 9. d4 Nc6 10. dxc5 Nb8 11. cxb6 Nc6 12. Qa4 Nf6 13. Qxc6+ Qd7 14. Nxf6+ Kd8 15. Qxa8 Qb7 16. Rd1+ Qd7 17. Nxd7 Ke8 18.
Qxc8# 1-0

[Event "Rapid della Domenica"]
[Site "Chess.com"]
[Date "2020.05.03"]
[Round "4"]
[White "fisherpez"]
[Black "donaldnecesito"]
[Result "1-0"]
[WhiteElo "1656"]
[BlackElo "1620"]
[TimeControl "720+3"]
[EndTime "7:24:52 PDT"]
[Termination "fisherpez ha vinto per abbandono"]

1. e3 Nf6 2. b3 d6 3. Bb2 g6 4.
Nc3 Bg7 5. Be2 O-O 6. h4 e5 7. h5 b6 8. Bf3 c6 9. Nge2 d5 10.
Ng3 e4 11. Be2 Nbd7 12. d3 exd3 13. Bxd3 Ne5 14. Be2 Re8 15. Qd2 Bg4 16. O-O-O Bxe2 17. Qxe2 Qe7 18. hxg6 fxg6 19. Rh2 a5 20. Nb1 a4 21. Ba3 c5 22. Qb5 axb3 23. axb3 Rxa3 24. Nxa3 c4 25. b4 Ra8 26. Nb1 Nfg4 27. Qxd5+ Kh8 28. Qxa8+ Bf8 29.
Rd8 Nd7 30. Rh1 Nxf2 31. Rf1 Qxe3+ 32. Nd2 Kg8 33. Rxd7 c3 34. Qd5+ Kh8 35. Qd4+ Qxd4 36. Rxd4 cxd2+ 37. Rxd2 Ng4 38. Rxf8+ Kg7 39. Rb8 1-0

[Event "Rapid della Domenica"]
[Site "Chess.com"]
[Date "2020.05.03"]
[Round "4"]
[White "crippo"]
[Black "riccardocanossa"]
[Result "0-1"]
[WhiteElo "1461"]
[BlackElo "1523"]
[TimeControl "720+3"]
[EndTime "7:26:26 PDT"]
[Termination "riccardocanossa ha vinto per abbandono"]

1. e4 e5 2. Nf3 Nc6 3. Bc4 Bc5 4. d4 exd4 5. Ng5 Ne5 6. Bb3 Nf6 7. O-O O-O 8. c3 dxc3 9. Nxc3 h6 10. Nh3 d6 11.
Nf4 Bg4 12. Qc2 Qe7 13. h3 Bd7 14. Be3 Bxe3 15. fxe3 Bc6 16. Ncd5 Bxd5 17. Nxd5 Nxd5 18.
exd5 Rfe8 19. Qe2 Nd7 20. Kh1 Qxe3 21. Qg4 Nf6 22. Qc4 Ne4 23. Qxc7 Ng3+ 24. Kh2 Nxf1+ 25. Rxf1 Qe5+ 26. Kh1 Qe7 27. Qc4 Rac8 28. Qd3 Qe4 29. Qb5 b6 30. Qd7 Qe7 31. Qf5 Rc5 32. Bc2 g6 33.
Qf4 Rxc2 34. Qxh6 Re2 35. Kh2 Qe5+ 36. Kg1 Qe3+ 37. Kh1 Qxh6 38. Rxf7 0-1

[Event "Rapid della Domenica"]
[Site "Chess.com"]
[Date "2020.05.03"]
[Round "4"]
[White "OMatteoWuO"]
[Black "giulioscaglione"]
[Result "1/2-1/2"]
[WhiteElo "1195"]
[BlackElo "1396"]
[TimeControl "720+3"]
[EndTime "7:29:24 PDT"]
[Termination "Patta d'accordo"]

1. d4 e6 2. e4 b6 3. Be3 Bb7 4. Nd2 Ne7 5. c3 Ng6 6. Ngf3 Be7 7. Qc2 d6 8. Bd3 Nd7 9. O-O e5 10. Bb5 c6 11. Be2 O-O 12. Rad1 Nf6 13. Bg5 Nd7 14.
Bxe7 Qxe7 15. Nb3 Nf4 16. dxe5 Nxe2+ 17. Qxe2 Nxe5 18. Nxe5 Qxe5 19. f4 Qe6 20. Nd4 Qe7 21.
Nf5 Qe6 22. Nxd6 Rab8 23. Nxb7 Rxb7 24. g3 Qxa2 25. Rd6 c5 26. Rfd1 Re7 27. Rd8 Rfe8 28. Rxe8+ Rxe8 29. Rd7 Kf8 30. e5 f6 31. Kg2 Re7 32.
Rxe7 Kxe7 33. exf6+ Kxf6 34. Qe5+ Kf7 35. Qf5+ Kg8 36.
Qc8+ 1/2-1/2

[Event "Rapid della Domenica"]
[Site "Chess.com"]
[Date "2020.05.03"]
[Round "4"]
[White "BAKR1980"]
[Black "sirmale49"]
[Result "1-0"]
[WhiteElo "1646"]
[BlackElo "1408"]
[TimeControl "720+3"]
[EndTime "7:31:10 PDT"]
[Termination "BAKR1980 ha vinto per abbandono"]

1. e4 e5 2. Nf3 Nc6 3. Bc4 d6 4. d4 Bg4 5. c3 exd4 6. Qb3 Bh5 7. cxd4 Na5 8. Qb5+ Nc6 9. Qxh5 Qf6 10. Bg5 Qg6 11. Qxg6 hxg6 12. Bb5 f6 13. Be3 O-O-O 14. Bxc6 bxc6 15.
O-O Nh6 16. h3 f5 17. e5 dxe5 18. Nxe5 Rd6 19. Bxh6 Rxh6 20. Nf7 Rxd4 21. Nxh6 gxh6 22. Nc3 Bb4 23. a3 Ba5 24. b4 Bb6 25. Rfe1 a5 26.
Rad1 Rc4 27. Re8+ Kb7 28. bxa5 Bxa5 29. Rb1+ Ka7 30. Ne2 Rc2 31. Nd4 Rc4 32. Ne6 Re4 33. f3 Re5 34. Rbb8 Bb6+ 35. Rxb6 Kxb6 36. Nxc7 Rxe8 37.
Nxe8 c5 38. Kf2 Kb5 39. Ke3 c4 40. Kd4 Ka4 41. Kxc4 Kxa3 42. Nd6 Kb2 43. Kd3 Kc1 44. Nf7 h5 45. h4 Kd1 46. Ke3 Ke1 47. Kf4 Kf2 48.
g3 Kg2 49. Ne5 Kh3 50. Nxg6 Kh2 51. Ne7 Kh3 52. Nxf5 1-0

[Event "Rapid della Domenica"]
[Site "Chess.com"]
[Date "2020.05.03"]
[Round "4"]
[White "laremaro"]
[Black "SanSecondoPR"]
[Result "1-0"]
[WhiteElo "1578"]
[BlackElo "1295"]
[TimeControl "720+3"]
[EndTime "7:34:07 PDT"]
[Termination "laremaro ha vinto per abbandono"]

1. e4 e5 2. Nf3 Nc6 3. Bb5 Nge7 4. O-O g6 5. d3 Bg7 6. Bg5 O-O 7.
Nc3 f6 8. Bd2 d6 9. a3 Bg4 10.
h3 Be6 11. Bc4 d5 12. Ba2 Bf7 13. Qc1 Nd4 14. Nxd4 exd4 15. Nxd5 Nxd5 16. exd5 Bxd5 17. Bxd5+ Qxd5 18. Bf4 c5 19. Re1 Qf5 20. Bh6 g5 21.
Bxg7 Kxg7 22. Re7+ Rf7 23. Qe1 Rf8 24. Qe2 b5 25. Re1 c4 26. dxc4 bxc4 27. Qxc4 Qf4 28. Qd3 h5 29. R7e4 Qb8 30. b3 Rd7 31. Re7+ Rf7 32.
Rxf7+ Rxf7 33. Qxd4 Qc7 34. c4 Rd7 35. Qe3 Qa5 36. b4 Qf5 37. Qe6 Kg6 38. Qxf5+ Kxf5 39. c5 Kf4 40. g3+ Kf5 41. b5 g4 42. hxg4+ Kxg4 43. c6 Rc7 44. Kg2 h4 45. Re4+ Kg5 46. Rxh4 a6 47.
a4 axb5 48. axb5 f5 49. Rc4 1-0

[Event "Rapid della Domenica"]
[Site "Chess.com"]
[Date "2020.05.03"]
[Round "4"]
[White "fausto2p"]
[Black "ferrariand"]
[Result "0-1"]
[WhiteElo "970"]
[BlackElo "1514"]
[TimeControl "720+3"]
[EndTime "7:36:06 PDT"]
[Termination "ferrariand ha vinto per scaccomatto"]

1. d4 d5 2. c4 e6 3. Nf3 Nf6 4. Nc3 Be7 5. e3 O-O 6. Be2 dxc4 7. Bxc4 Nd5 8. O-O Nxc3 9. bxc3 c5 10. a4 b6 11. Ba3 Bb7 12. Bd3 Nc6 13. Qc2 cxd4 14. Bxe7 Qxe7 15. Bxh7+ Kh8 16. Be4 dxe3 17. fxe3 Qc5 18.
Rfe1 Rac8 19. h4 Na5 20. Bxb7 Nxb7 21. Ng5 g6 22. Rac1 Qc4 23. Qf2 Rc7 24. Qf6+ Kg8 25. h5 Qd3 26. hxg6 Qxg6 27. Qxg6+ fxg6 28. Nxe6 Rc4 29. Nxf8 Kxf8 30. Rf1+ Kg7 31. Rf4 Rc5 32. e4 Nd6 33.
Kf2 Rc4 34. a5 Nxe4+ 35. Ke3 Nd6 36. Rxc4 Nxc4+ 37. Kd4 Nxa5 38. c4 Nb3+ 39. Kc3 Nxc1 40. Kb4 a6 41. c5 bxc5+ 42. Kxc5 Kf6 43. Kb6 Ke5 44. Kxa6 Nd3 45. Kb5 g5 46. Kc4 Ne1 47. Kc3 Nxg2 48. Kd2 Ke4 49. Ke2 Kf4 50. Kf2 Ne3 51.
Kg1 Kg3 52. Kh1 g4 53. Kg1 Nf5 54. Kh1 Kf2 55. Kh2 g3+ 56. Kh1 g2+ 57. Kh2 g1=Q+ 58. Kh3 Qg3# 0-1

[Event "Rapid della Domenica"]
[Site "Chess.com"]
[Date "2020.05.03"]
[Round "4"]
[White "Simo2005"]
[Black "pedrak"]
[Result "1-0"]
[WhiteElo "1746"]
[BlackElo "1676"]
[TimeControl "720+3"]
[EndTime "7:40:16 PDT"]
[Termination "Simo2005 ha vinto per abbandono"]

1. e4 d6 2. d4 Nf6 3. Nc3 g6 4.
Nf3 Bg7 5. Be3 O-O 6. Qd2 Ng4 7.
Bf4 e5 8. dxe5 dxe5 9. Qxd8 Rxd8 10. Bg3 Nc6 11. a3 Nd4 12. O-O-O c6 13. h3 Nh6 14. Bxe5 Bxe5 15. Nxe5 Be6 16. Bc4 f6 17. Rxd4 Rxd4 18. Bxe6+ Kf8 19. Nf3 Rd6 20. Bb3 b5 21. Rd1 Rxd1+ 22.
Nxd1 Re8 23. Nc3 a6 24. Nd2 Nf7 25. f4 Nd6 26. Kd1 Nb7 27. Ke2 Nc5 28. Ba2 a5 29.
b4 axb4 30. axb4 Na6 31. Kf3 Nxb4 32. Bb3 Rd8 33. Ke3 Na6 34. e5 Re8 35. Ke4 Nc5+ 36. Kd4 Nxb3+ 37. Nxb3 fxe5+ 38. fxe5 Ke7 39. Nc5 Rd8+ 40.
Ke3 b4 41. N3e4 Rd5 42. e6 h6 43. Kf4 Rf5+ 44. Ke3 Rd5 45. Kf4 g5+ 46. Kg4 Rd1 47.
Kh5 Rg1 48. g3 Rg2 49. Kxh6 Rxc2 50. Kxg5 Rc4 51. h4 b3 52. Nxb3 Rxe4 53. h5 Re5+ 54.
Kg6 Rxe6+ 55. Kg7 Re2 56. h6 Rg2 57. Nd4 Rxg3+ 58. Kh8 c5 59. Nf5+ Kf7 60. Nxg3 c4 61. Ne4 Kf8 62. Kh7 Kf7 63. Nd6+ Kf8 64. Nxc4 Kf7 65.
Ne5+ Kf8 66. Kg6 1-0

[Event "Rapid della Domenica"]
[Site "Chess.com"]
[Date "2020.05.03"]
[Round "5"]
[White "moha1812med"]
[Black "OMatteoWuO"]
[Result "0-1"]
[WhiteElo "995"]
[BlackElo "1204"]
[TimeControl "720+3"]
[EndTime "7:47:01 PDT"]
[Termination "OMatteoWuO ha vinto per abbandono"]

1. d4 Nf6 2. c4 g6 3. Nc3 Bg7 4. e4 d6 5. Nf3 O-O 6. Be2 Nbd7 7. O-O e5 8. d5 Nc5 9. Qc2 a5 10. Bg5 h6 11. Bxf6 Qxf6 12. h3 h5 13. Na4 Nxa4 14.
Qxa4 Qe7 15. Qc2 f5 16. exf5 Bxf5 17. Bd3 Bxd3 18. Qxd3 e4 19. Qc2 exf3 20. gxf3 Qg5+ 21. Kh1 Rxf3 22. Kh2 Be5+ 0-1

[Event "Rapid della Domenica"]
[Site "Chess.com"]
[Date "2020.05.03"]
[Round "5"]
[White "ferrariand"]
[Black "sirmale49"]
[Result "1-0"]
[WhiteElo "1521"]
[BlackElo "1402"]
[TimeControl "720+3"]
[EndTime "7:49:35 PDT"]
[Termination "ferrariand ha vinto per abbandono"]

1. e4 d5 2. exd5 Qxd5 3. Nc3 Qd6 4. d4 c6 5. Nf3 Bg4 6. Be2 Nf6 7. O-O e6 8. Re1 Be7 9. Ne5 Bxe2 10. Rxe2 Nbd7 11. Bf4 Nxe5 12. dxe5 Qxd1+ 13. Rxd1 Nd5 14. Nxd5 cxd5 15. c3 O-O 16. h3 Rac8 17. Rd3 Rc4 18. Bd2 b5 19. Rg3 g6 20. Bg5 f6 21. exf6 Bxf6 22. Rxe6 Bxg5 23. Rxg5 Rcf4 24. f3 R4f5 25. Rxf5 Rxf5 26. Re7 Rf7 27. Rxf7 Kxf7 28. Kf2 Kf6 29. Ke3 Ke5 30. f4+ Ke6 31. Kd4 Kd6 32. g4 a5 33.
b3 h6 34. a4 bxa4 35. bxa4 h5 36. f5 hxg4 37. hxg4 gxf5 38. gxf5 Ke7 39. Kxd5 Kf6 40.
Ke4 1-0

[Event "Rapid della Domenica"]
[Site "Chess.com"]
[Date "2020.05.03"]
[Round "5"]
[White "pedrak"]
[Black "fisherpez"]
[Result "1-0"]
[WhiteElo "1690"]
[BlackElo "1615"]
[TimeControl "720+3"]
[EndTime "7:50:26 PDT"]
[Termination "pedrak ha vinto per scaccomatto"]

1. Nf3 e6 2. g3 b6 3. Bg2 Nc6 4. O-O Bb7 5. d3 Be7 6. e4 h6 7.
Re1 d6 8. Nc3 Qd7 9. a4 Nf6 10. h3 Nh7 11. Be3 Bf6 12. Qd2 O-O 13. Nh2 e5 14. Ng4 Bg5 15. f4 exf4 16. gxf4 Be7 17.
Nd5 Nd8 18. c4 Bxd5 19. cxd5 Nf6 20. Bf3 Nb7 21. Qg2 Kh8 22. Bd4 Nc5 23. Qd2 Nb3 24. Qc3 Nxd4 25. Qxd4 h5 26. Nf2 Kg8 27. Kh2 Ne8 28. Rg1 Bf6 29. e5 dxe5 30. fxe5 c5 31. Qe4 Bh4 32. Qxh4 f6 33. e6 Qd6+ 34. Kh1 Qe5 35. Qxh5 Qxb2 36. Be4 f5 37. Bxf5 Nf6 38. Qg6 Qxf2 39. Qxg7# 1-0

[Event "Rapid della Domenica"]
[Site "Chess.com"]
[Date "2020.05.03"]
[Round "5"]
[White "MarcoCiva"]
[Black "BAKR1980"]
[Result "0-1"]
[WhiteElo "1420"]
[BlackElo "1657"]
[TimeControl "720+3"]
[EndTime "7:51:30 PDT"]
[Termination "BAKR1980 ha vinto per scaccomatto"]

1. d4 d5 2. c4 c6 3. Nc3 Nf6 4. Nf3 e6 5. Bg5 Be7 6. e3 O-O 7.
cxd5 cxd5 8. Bd3 a6 9. O-O b5 10. a3 Bb7 11. b4 Nbd7 12. Qc2 Rc8 13. Ne5 Ne4 14. Bxe7 Qxe7 15. Bxe4 dxe4 16. Rac1 Nxe5 17. dxe5 Qg5 18. Qb1 Qxe5 19. Ne2 Bd5 20. Rxc8 Rxc8 21. Rc1 Bc4 22. Nd4 f5 23. f4 exf3 24. Nxf3 Qxe3+ 25. Kh1 Qxa3 26. Ng5 Rf8 27. Re1 Qa2 28. Qxa2 Bxa2 29. Nxe6 Re8 30. Nc7 Rxe1# 0-1

[Event "Rapid della Domenica"]
[Site "Chess.com"]
[Date "2020.05.03"]
[Round "5"]
[White "donaldnecesito"]
[Black "giulioscaglione"]
[Result "1-0"]
[WhiteElo "1628"]
[BlackElo "1387"]
[TimeControl "720+3"]
[EndTime "7:55:30 PDT"]
[Termination "donaldnecesito ha vinto per scaccomatto"]

1. e4 e6 2. d4 b6 3. Bd3 Bb7 4. Nd2 Ne7 5. Ne2 Ng6 6. Nf3 Be7 7. O-O d6 8. c4 Nd7 9. b3 O-O 10. Bb2 Bf6 11. Rc1 e5 12. Bb1 Re8 13. Re1 Bg5 14. Nxg5 Qxg5 15. Ng3 Nf6 16. Bc3 Qg4 17. f3 Qd7 18.
dxe5 Nxe5 19. f4 Ng6 20. e5 Nh5 21. Qxh5 dxe5 22. Bxe5 Qd2 23. Qe2 Qxe2 24. Rxe2 f6 25. Bxc7 Nxf4 26. Bxf4 Rxe2 27. Nxe2 Re8 28. Bd3 g5 29.
Bg3 h5 30. Nc3 h4 31. Bf2 Rd8 32. Nd5 Bxd5 33. cxd5 Kg7 34. Rc7+ Kh6 35. Rh7# 1-0

[Event "Rapid della Domenica"]
[Site "Chess.com"]
[Date "2020.05.03"]
[Round "5"]
[White "FrancescoZasa"]
[Black "fausto2p"]
[Result "1/2-1/2"]
[WhiteElo "636"]
[BlackElo "953"]
[TimeControl "720+3"]
[EndTime "7:57:22 PDT"]
[Termination "Partita patta per stallo"]

1. d4 d5 2. Nf3 Nf6 3. Nc3 e6 4. e3 c5 5. b3 Nc6 6. dxc5 Bxc5 7. Bd3 Bb4 8. Bd2 Qa5 9. O-O Bxc3 10. Bxc3 Qxc3 11.
Ng5 h6 12. Nf3 O-O 13. Rc1 a6 14. Qd2 Qxd2 15. Nxd2 b5 16. c4 dxc4 17. bxc4 bxc4 18. Bxc4 Nb4 19. a3 Nbd5 20. e4 Nb6 21. f3 Nxc4 22.
Nxc4 a5 23. Rfd1 Ba6 24. Nxa5 Be2 25. Rd2 Rxa5 26. Rd6 Rxa3 27. Rdc6 Bb5 28. R6c5 Ba6 29. Rc6 Ra8 30. R6c4 Bxc4 31. Rxc4 Ra1+ 32. Kf2 Nh5 33. h3 Nf4 34. g3 Nxh3+ 35. Ke3 R1a3+ 36. Kd2 Rxf3 37. Rc3 Rxc3 38. Kxc3 Ra3+ 39. Kb2 Rxg3 40. Kc2 Ng5 41. Kd2 Nxe4+ 42. Ke2 h5 43. Kf1 h4 44. Ke2 h3 45.
Kf1 h2 46. Ke1 g6 47. Ke2 h1=Q 1/2-1/2

[Event "Rapid della Domenica"]
[Site "Chess.com"]
[Date "2020.05.03"]
[Round "5"]
[White "riccardocanossa"]
[Black "Simo2005"]
[Result "0-1"]
[WhiteElo "1501"]
[BlackElo "1781"]
[TimeControl "720+3"]
[EndTime "8:05:52 PDT"]
[Termination "Simo2005 ha vinto per scaccomatto"]

1. d4 Nf6 2. c4 c5 3. d5 b5 4. cxb5 a6 5. bxa6 Bxa6 6. Nc3 g6 7. Nf3 d6 8. e3 Bxf1 9. Kxf1 Bg7 10. Ke2 O-O 11.
Re1 Nbd7 12. Kf1 Qb6 13. Qc2 Rfb8 14. b3 Ne8 15. Bb2 c4 16. Na4 Qb5 17. Bxg7 cxb3+ 18. Qe2 Qxe2+ 19. Kxe2 Kxg7 20. Nc3 bxa2 21. Red1 Ra3 22. Rd3 Nc5 23. Rxa2 Rxa2+ 24. Nxa2 Nxd3 25. Kxd3 Rb2 26. Nc3 Rxf2 27. g3 Rxf3 28. Kd4 Nf6 29. Nb5 Rf2 30. h4 Rg2 31. g4 Rxg4+ 32. e4 Rxe4+ 33. Kc3 Rxh4 34. Nd4 Nxd5+ 35. Kc4 e5 36. Kxd5 exd4 37. Kxd6 d3 38. Ke7 d2 39. Ke8 d1=Q 40. Ke7 Re4# 0-1

[Event "Rapid della Domenica"]
[Site "Chess.com"]
[Date "2020.05.03"]
[Round "5"]
[White "sergiodone"]
[Black "laremaro"]
[Result "1/2-1/2"]
[WhiteElo "1492"]
[BlackElo "1571"]
[TimeControl "720+3"]
[EndTime "8:06:53 PDT"]
[Termination "Partita patta per ripetizione di mosse"]

1. e4 d5 2. exd5 Qxd5 3. c4 Qd8 4. d4 Nf6 5. Nc3 Nc6 6. d5 Nb8 7. h3 c6 8. Nf3 e6 9. Qb3 cxd5 10. cxd5 exd5 11.
Bb5+ Nc6 12. O-O Be7 13. Re1 O-O 14. Bg5 Be6 15. Rad1 a6 16. Bxc6 bxc6 17. Qc2 Qc7 18. Ne2 c5 19. b3 Rac8 20. Qb2 d4 21. Nf4 Bd5 22. Rxe7 Qxe7 23. Nxd5 Qe4 24. Nxf6+ gxf6 25. Bxf6 Qf5 26. Bh4 Rfe8 27. Bg3 Re6 28. Qd2 Rce8 29. Kh2 Re2 30. Qa5 Qc2 31. Rf1 Qxa2 32. Qxc5 d3 33. Qg5+ Kf8 34. Bd6+ R8e7 35. Bxe7+ Rxe7 36. Qd5 Qc2 37. Qd8+ Re8 38. Qd6+ Kg8 39. Qg3+ Kf8 40. Qd6+ Kg8 41.
Qd7 Re6 42. Ng5 Rf6 43. Ne4 Re6 44. Qd8+ Kg7 45. Qg5+ Rg6 46. Qe5+ Kh6 47. Qf4+ Kg7 48. Ng5 Qe2 49. Qxf7+ Kh6 50. Qxh7+ Kxg5 51. h4+ Kf6 52.
Qh8+ Kf7 53. Qh7+ Rg7 54. Qf5+ Kg8 55. Rg1 d2 56. Qd5+ Kh7 57. h5 Qxf2 58. Qe4+ Kh8 59.
Qe8+ Kh7 60. Qe4+ Kh8 61. Qe8+ Kh7 62. Qe4+ 1/2-1/2

[Event "Rapid della Domenica"]
[Site "Chess.com"]
[Date "2020.05.03"]
[Round "6"]
[White "ferrariand"]
[Black "pedrak"]
[Result "1-0"]
[WhiteElo "1535"]
[BlackElo "1668"]
[TimeControl "720+3"]
[EndTime "8:16:29 PDT"]
[Termination "ferrariand ha vinto per scaccomatto"]

1. e4 d6 2. d4 Nf6 3. Nc3 g6 4. Nf3 Bg7 5. Be2 O-O 6. O-O Nc6 7. h3 e5 8. dxe5 Nxe5 9. Nxe5 dxe5 10. Bg5 c6 11. Qd3 Qc7 12. Rad1 Be6 13. Qf3 Nd7 14.
a3 h6 15. Bc1 Rad8 16. Qg3 Kh7 17. Bg4 f5 18. exf5 gxf5 19. Bh5 Bf7 20. Bxf7 Rxf7 21. Rd4 Rg8 22. Rh4 Bf6 23. Rxh6# 1-0

[Event "Rapid della Domenica"]
[Site "Chess.com"]
[Date "2020.05.03"]
[Round "6"]
[White "sirmale49"]
[Black "laremaro"]
[Result "0-1"]
[WhiteElo "1397"]
[BlackElo "1585"]
[TimeControl "720+3"]
[EndTime "8:19:02 PDT"]
[Termination "laremaro ha vinto per abbandono"]

1. e4 d5 2. e5 Bf5 3. Nf3 e6 4. d3 c5 5. Be2 Nc6 6. Bd2 Bg4 7. c3 Bxf3 8. Bxf3 Nxe5 9. Qe2 Nxf3+ 10. gxf3 Nf6 11. Bg5 Be7 12. Qe5 Qb6 13. b3 O-O-O 14. Bf4 Bd6 15. Qe3 Bxf4 16. Qxf4 e5 17. Qf5+ Kb8 18. O-O Rde8 19. Re1 g6 20. Qg5 h6 21. Qd2 Nh5 22. c4 Qe6 23. Nc3 Nf4 24. Nb5 Qh3 25. Qxf4 exf4 26. Rxe8+ Rxe8 27. Nd6 Re2 28. Rf1 dxc4 29.
bxc4 Qxf3 30. Nxf7 Qg4+ 31. Kh1 f3 32. Rg1 Qf4 33. Nh8 Rxf2 0-1

[Event "Rapid della Domenica"]
[Site "Chess.com"]
[Date "2020.05.03"]
[Round "6"]
[White "riccardocanossa"]
[Black "MarcoCiva"]
[Result "0-1"]
[WhiteElo "1447"]
[BlackElo "1445"]
[TimeControl "720+3"]
[EndTime "8:20:29 PDT"]
[Termination "MarcoCiva ha vinto per abbandono"]

1. e4 e5 2. Nf3 Nc6 3. Bc4 Bc5 4. c3 Nf6 5. d4 exd4 6. cxd4 Bb4+ 7. Bd2 Bxd2+ 8. Nbxd2 O-O 9. e5 Re8 10. O-O Ng4 11.
h3 Nh6 12. Re1 d5 13. Bb5 Be6 14. Qc2 Qd7 15. Rac1 Bxh3 16. gxh3 Qxh3 17. Bxc6 bxc6 18. Ng5 Qg4+ 19. Kf1 Qxg5 20. Nf3 Qh5 21. Re3 Re6 22. Qc3 Ng4 23. Rd3 Qh1+ 24. Ke2 Qg2 25. Qe1 f6 26. Qg1 Qxg1 27. Rxg1 h5 0-1

[Event "Rapid della Domenica"]
[Site "Chess.com"]
[Date "2020.05.03"]
[Round "6"]
[White "BAKR1980"]
[Black "Simo2005"]
[Result "1/2-1/2"]
[WhiteElo "1663"]
[BlackElo "1760"]
[TimeControl "720+3"]
[EndTime "8:22:07 PDT"]
[Termination "Patta d'accordo"]

1. e4 d6 2. d4 Nf6 3. Nc3 g6 4. Bg5 Bg7 5. Qd2 c6 6. O-O-O Nbd7 7. f4 b5 8. e5 b4 9. Na4 Ne4 10. Qe3 Nxg5 11. fxg5 O-O 12. h4 Qa5 13. e6 Qxa4 14. exd7 Bxd7 15. Qxe7 Bf5 16. Bd3 Bxd3 17. Rxd3 Rfe8 18.
Qxd6 Qxa2 19. Qg3 Qa1+ 20. Kd2 Qxb2 21. Nf3 1/2-1/2

[Event "Rapid della Domenica"]
[Site "Chess.com"]
[Date "2020.05.03"]
[Round "6"]
[White "giulioscaglione"]
[Black "fausto2p"]
[Result "0-1"]
[WhiteElo "1352"]
[BlackElo "996"]
[TimeControl "720+3"]
[EndTime "8:22:34 PDT"]
[Termination "fausto2p ha vinto per scaccomatto"]

1. b3 d5 2. Bb2 Nf6 3. e3 e6 4. Ne2 c5 5. Ng3 Nc6 6. Bb5 Bd7 7. d3 a6 8. Bxc6 Bxc6 9. Nd2 Bd6 10. O-O O-O 11.
e4 dxe4 12. Ndxe4 Nxe4 13. Nxe4 Bxe4 14. dxe4 Qc7 15. g3 Rad8 16. Qg4 Be5 17. Bxe5 Qxe5 18.
c4 Rd4 19. Rfe1 Rfd8 20. Qh4 h6 21. f4 Qd6 22. e5 Qc6 23. Qg4 Rd2 24. Re2 Rd1+ 25.
Re1 Rxe1+ 26. Rxe1 Rd2 27. Re2 Rd1+ 28. Kf2 Qh1 29. Ke3 Qg1+ 30. Ke4 Rd4+ 31. Kf3 Rd3+ 32. Ke4 Qd4# 0-1

[Event "Rapid della Domenica"]
[Site "Chess.com"]
[Date "2020.05.03"]
[Round "6"]
[White "SanSecondoPR"]
[Black "FrancescoZasa"]
[Result "1-0"]
[WhiteElo "1296"]
[BlackElo "633"]
[TimeControl "720+3"]
[EndTime "8:24:29 PDT"]
[Termination "SanSecondoPR ha vinto per tempo"]

1. e4 e6 2. d4 d6 3. Nf3 Nf6 4. Nc3 Na6 5. Bg5 d5 6. e5 Nb4 7. exf6 gxf6 8. Bh4 Bh6 9. Ne5 fxe5 10. Bxd8 Kxd8 11. a3 Nc6 12. Qh5 Nxd4 13. Bd3 Bd7 14. Qxh6 Kc8 15. Qf6 Rd8 16. Qxe5 c5 17. O-O Ba4 18.
b3 Bc6 19. Bb5 Bxb5 20. Nxb5 Nxc2 21. Rac1 Nd4 22. Rxc5+ Nc6 23. Nd6+ Kd7 24. Nxb7 Rdb8 25. Qd6+ Ke8 26. Qxc6+ Kf8 27. Qd7 Kg7 28. Nd6 Kg6 29.
Qxf7+ Kg5 30. Qg7+ Kf4 31. g3+ Kf3 32. Qf6+ 1-0

[Event "Rapid della Domenica"]
[Site "Chess.com"]
[Date "2020.05.03"]
[Round "6"]
[White "donaldnecesito"]
[Black "sergiodone"]
[Result "1-0"]
[WhiteElo "1640"]
[BlackElo "1487"]
[TimeControl "720+3"]
[EndTime "8:31:16 PDT"]
[Termination "donaldnecesito ha vinto per abbandono"]

1. e4 c5 2. Nf3 d6 3. d4 cxd4 4. Nxd4 e6 5. Nc3 a6 6. Be3 Be7 7. Qd2 Qc7 8. O-O-O b5 9. f3 Bb7 10.
h4 Nd7 11. g4 Rc8 12. Kb1 h6 13. Rg1 Ngf6 14. g5 hxg5 15. Bxg5 Nc5 16. Bh3 b4 17. Nce2 a5 18. Nb5 Qc6 19. Nxd6+ Bxd6 20. Qxd6 Qxd6 21.
Rxd6 Ncd7 22. Nf4 O-O 23. h5 Rc6 24. Rxc6 Bxc6 25. Rd1 Kh8 26. Rd6 Ne5 27. h6 Bb5 28.
Bg2 Nc4 29. Rd1 Ne3 30. Rh1 Nxg2 31. Nxg2 Re8 32. hxg7+ Kxg7 33. Nf4 Rd8 34. e5 Nd5 35. Nh5+ Kg6 36. Bxd8 Kf5 37. Nf6 Kxe5 38. Nxd5 exd5 39.
Bxa5 f5 40. Bxb4 Kf4 41. Rd1 Bc6 42. Rd3 Bb7 43. Bd6+ Kg5 44. f4+ Kg4 45. Be5 Bc6 46. b3 Bb5 47. Rxd5 Be2 48. c4 Bf3 49. b4 Be4+ 50. Kb2 Kf3 51. Kc3 Ke3 52. b5 1-0

[Event "Rapid della Domenica"]
[Site "Chess.com"]
[Date "2020.05.03"]
[Round "6"]
[White "fisherpez"]
[Black "OMatteoWuO"]
[Result "1-0"]
[WhiteElo "1623"]
[BlackElo "1201"]
[TimeControl "720+3"]
[EndTime "8:33:13 PDT"]
[Termination "fisherpez ha vinto per abbandono"]

1. e3 Nf6 2. b3 g6 3. Bb2 Bg7 4. Nc3 d6 5. Be2 Nbd7 6. h4 O-O 7. h5 e5 8. Nf3 Nxh5 9. Rxh5 gxh5 10. Ng1 Nf6 11. Bxh5 Nxh5 12. Qxh5 f5 13. O-O-O Rf6 14.
Nge2 Rh6 15. Qf3 Bd7 16. Qxb7 a6 17. Qb4 c5 18. Qa3 Bb5 19. Ng3 f4 20. Nf5 Rf6 21. e4 Bc6 22. f3 a5 23. Ba1 a4 24. Qb2 a3 25. Qb1 Rb8 26. Ne2 c4 27. d3 cxd3 28.
Rxd3 Bb5 29. Rd2 Qb6 30. c3 Bxe2 31. Rxe2 Qg1+ 32. Kc2 Qxb1+ 33. Kxb1 Rb6 34. c4 Rg6 35. Ne7+ Kf7 36. Nxg6 Kxg6 37. Bc3 Bf8 38. Kc2 h5 39. Re1 Be7 40. Rh1 Bd8 41. Ba5 Rb8 42. Bc3 Bb6 43. Rd1 Bc5 44. Ba5 Rb7 45. Bc3 Rb8 46. Be1 Rb7 47. Bh4 Rd7 48. Rd5 Rb7 49. Rd1 Rd7 50. Be1 Rb7 51. Bc3 Rd7 52. Bxe5 h4 53.
Bxf4 Kh5 54. Rh1 Rg7 55. g3 Bf2 56. Rxh4+ Kg6 57. Rg4+ Kh7 58. Rxg7+ Kxg7 59. Bxd6 Kf6 60. c5 1-0